 Dungeon Crawl Stone Soup version 0.27-a0-1193-g8631133539 (webtiles) character file.

Game seed: 1099887320790360465

620 Strat the Tainter (level 7, -6/50 HPs)
             Began as a Barachi Venom Mage on May 26, 2021.
             Splashed by a jelly's acid (9 damage)
             ... on level 4 of the Dungeon.
             The game lasted 00:08:38 (3815 turns).

Strat the Tainter (Barachi Venom Mage)              Turns: 3815, Time: 00:08:39

Health: -6/50      AC: -4    Str: 10    XL:     7   Next: 46%
Magic:  6/13       EV: 12    Int: 16    God:
Gold:   137        SH:  0    Dex: 13    Spells: 7/14 levels left

rFire    . . .     SeeInvis .   a - +0 spear (venom)
rCold    . . .     Faith    .   (no shield)
rNeg     . . .     Spirit   .   l - +2 robe {Will+}
rPois    .         Reflect  .   (no helmet)
rElec    .         Harm     .   (no cloak)
rCorr    .         Rampage  .   (no gloves)
Will     .....                  (no boots)
Stlth    ++........             (no amulet)
HPRegen  0.16/turn              (no ring)
MPRegen  0.13/turn              (no ring)

@: weak-willed, corroded, slow
A: amphibious, slowness 1, strong legs 1, +LOS
a: Hop


You were on level 4 of the Dungeon.
You visited 1 branch of the dungeon, and saw 4 of its levels.

You collected 137 gold pieces.

Inventory:

Hand Weapons
 a - a +0 spear of venom (weapon)
 g - a +0 short sword
 j - a +0 halberd
Missiles
 c - 93 stones
Armour
 l - a +2 robe of willpower (worn)
Magical Staves
 b - a staff of poison
Wands
 p - a wand of polymorph (4)
Scrolls
 o - 3 scrolls of vulnerability
Potions
 d - 2 potions of invisibility
 e - 2 potions of lignification
 f - a potion of resistance {unknown}
 i - a potion of mutation {unknown}
 k - 2 potions of might {unknown}
 n - a potion of curing {unknown}


   Skills:
 + Level 2.3 Fighting
 - Level 2.2 Dodging
 - Level 1.8 Stealth
 - Level 4.0 Spellcasting
 - Level 1.3 Transmutations
 - Level 8.0 Poison Magic


You had 7 spell levels left.
You knew the following spells:

 Your Spells              Type           Power      Damage    Failure   Level
a - Sting                 Tmut/Pois      72%        1d6       2%          1
b - Poisonous Vapours     Pois/Air       32%        N/A       4%          2
c - Olgreb's Toxic Radia  Pois           28%        N/A       6%          4

Your spell library contained the following spells:

 Spells                   Type           Power      Damage    Failure   Level
 Ignite Poison            Fire/Tmut/Pois 13%        N/A       14%         3
 Mephitic Cloud           Conj/Pois/Air  11%        N/A       17%         3


Dungeon Overview and Level Annotations

Branches:
Dungeon (4/15)
 Temple: D:4-7

Altars:
Hepliaklqana
Ru
Wu Jian

Shops:
D:4 !

Annotations:
D:4 Sigmund


Innate Abilities, Weirdness & Mutations

You are amphibious.
You cover ground slowly.
You can hop short distances.
You have an extended range of vision and can be seen from far away.


Message History

Aim: a jelly (lightly wounded, poisoned, 100% to hit)
The sting hits the jelly.
The jelly partially resists.
The jelly looks even sicker.
The jelly is lightly wounded.
The jelly closely misses you.
You hit the jelly.
Your hands burn!
The jelly is heavily wounded.
The jelly hits you but does no damage.
You hit the jelly.
Your hands burn!
The jelly is severely wounded.
The jelly hits you. The acid corrodes you!
You are splashed with acid!
A quokka comes into view.
The jelly hits you.
You are splashed with acid!
* * * LOW HITPOINT WARNING * * *
You hit the jelly but do no damage. The acid corrodes you!
Your hands burn!
* * * LOW HITPOINT WARNING * * *
The jelly is severely wounded.
The jelly closely misses you.
You hit the jelly.
Your hands burn!
* * * LOW HITPOINT WARNING * * *
The jelly is almost dead.
The jelly barely misses you.
You barely miss the jelly.
The jelly is almost dead.
The jelly hits you.
* * * LOW HITPOINT WARNING * * *
The acid corrodes you!
You are splashed with acid!
* * * LOW HITPOINT WARNING * * *
Casting: Sting (safe; 2% risk of failure)
Confirm with . or Enter, or press ? or * to list all spells.
Aiming: Poisonous Vapours (safe; 4% risk of failure)
Press: ? - help, Dir - move target, f - quokka, p - jelly
Aim: a quokka Poisonous vapours surround the quokka!
The quokka is engulfed in poison gas.
The quokka is poisoned.
You kill the quokka!
The jelly hits you.
* * * LOW HITPOINT WARNING * * *
You are splashed with acid!
You die...

........
........
##........
#.......#
#..†..#
#..).+
#....#
#°J..#
#@...#
######


You could see a jelly (poisoned).

Vanquished Creatures
  Pikel (D:4)
  2 lemures
  A bullfrog (D:3)
  An orc wizard (D:3)
  3 adders
  2 worms
  3 dart slugs (D:2)
  4 orcs (D:3)
  4 ball pythons
  7 endoplasms
  2 giant cockroaches
  5 goblins
  2 hobgoblins
  3 quokkas
  4 bats
  4 frilled lizards
  5 kobolds
  4 rats
57 creatures vanquished.

Notes
Turn   | Place    | Note
-------+----------+-------------------------------------------
     0 | D:1      | Strat the Barachi Venom Mage began the quest for the Orb.
     0 | D:1      | Reached XP level 1. HP: 13/13 MP: 3/3
   287 | D:1      | Reached XP level 2. HP: 13/19 MP: 1/5
   838 | D:2      | Reached skill level 4 in Poison Magic
   856 | D:2      | Learned a level 2 spell: Poisonous Vapours
  1068 | D:2      | Found a faded altar of an unknown god.
  1101 | D:2      | Reached XP level 3. HP: 15/24 MP: 3/6
  1276 | D:2      | Found a sacrificial altar of Ru.
  1709 | D:2      | Reached skill level 5 in Poison Magic
  1709 | D:2      | Reached XP level 4. HP: 23/30 MP: 7/7
  1786 | D:2      | Learned a level 4 spell: Olgreb's Toxic Radiance
  2124 | D:3      | Noticed a bullfrog
  2162 | D:3      | Killed a bullfrog
  2163 | D:3      | Reached XP level 5. HP: 6/35 MP: 3/8
  2566 | D:3      | Reached skill level 6 in Poison Magic
  2843 | D:3      | Found a hazy altar of Hepliaklqana.
  3122 | D:3      | Found an ornate altar of the Wu Jian Council.
  3127 | D:3      | Noticed a spectral centipede
  3127 | D:3      | Noticed a spectral black mamba
  3127 | D:3      | Noticed a spectral cane toad
  3203 | D:4      | Found Ujogih's Distillery.
  3203 | D:4      | Noticed a lemure
  3203 | D:4      | Noticed a lemure
  3215 | D:3      | Killed a lemure
  3261 | D:4      | Killed a lemure
  3383 | D:4      | Noticed Pikel
  3383 | D:4      | Noticed a lemure
  3383 | D:4      | Noticed a lemure
  3383 | D:4      | Noticed a water moccasin
  3560 | D:4      | Killed Pikel
  3561 | D:4      | Reached skill level 8 in Poison Magic
  3561 | D:4      | Reached XP level 6. HP: 26/44 MP: 4/12
  3561 | D:4      | Reached XP level 7. HP: 29/50 MP: 4/13
  3740 | D:4      | Noticed Sigmund
  3815 | D:4      | Splashed by a jelly's acid

Illustrated notes

Levels and vault maps discovered:
D:1:      dpeg_arrival_long_road, layout_rooms
D:2:      layout_loops_ring, basic_altar,
          hellmonk_ecumenical_altar_pennies_from_heaven
D:3:      layout_basic, lemuel_tele_altar, pdpol_wu_jian_five_deadly_venoms
D:4:      layout_basic, nicolae_dithmenos_shadow_blocks,
          cheibrodos_worm_habitat, dancing_weapons_uskayaw,
          minmay_overflow_temple_star_hex, serial_shops,
          nicolae_shop_competitors_out_of_business, uniq_sigmund, uniq_pikel

Skill      XL: |  1  2  3  4  5 |
---------------+----------------+-----
Poison Magic   | 4 5 8 |  8.0
Spellcasting   | 4 |  4.0
Fighting       | 2 |  2.3
Dodging        | |  2.2
Stealth        | |  1.8
Transmutations | |  1.3

Action                   |  1- 3 |  4- 6 |  7- 9 || total
-------------------------+-------+-------+-------++-------
Melee: Short sword       |    12 |       |       ||    12
       Spear             |    84 |    50 |     5 ||   139
       Staff             |     1 |       |       ||     1
 Cast: Sting             |    14 |    12 |     2 ||    28
       Poisonous Vapours |       |    21 |     3 ||    24
 Abil: Hop               |       |     2 |       ||     2
  Use: Potion            |       |     1 |       ||     1
       Scroll            |       |     2 |     5 ||     7
 Stab: Sleeping          |     4 |     1 |       ||     5
       Invisible         |       |     1 |       ||     1
Armor: Robe              |    23 |    10 |     1 ||    34
       Ring mail         |    10 |       |       ||    10
Dodge: Dodged            |    55 |    40 |     3 ||    98

Table legend: (Time is in decaauts)
 A = Elapsed time spent in this place.
 B = Non-inter-level travel time spent in this place.
 C = Inter-level travel time spent in this place.
 D = Time resting spent in this place.
 E = Time spent auto-exploring this place.
 F = Levels seen in this place.
 G = Mean time per level.
                   A        B        C        D        E       F      G
               +--------+--------+--------+--------+--------+-----+--------+
         Total |   4175 |   4093 |     82 |   1078 |   2129 |   4 | 1043.8 |
       Dungeon |   4175 |   4093 |     82 |   1078 |   2129 |   4 | 1043.8 |
               +--------+--------+--------+--------+--------+-----+--------+

Top non-repeatable levels by time:
     D:3: 1466 daAuts
     D:2: 1359 daAuts
     D:1: 895 daAuts
     D:4: 454 daAuts
